Map: Jagannatha LE

Players

A.I. 1 (Very Easy) - Winner!

  • Race: Terran Terran
  • Spawn Location: 7:00

PhotonMan

  • Race: Terran Terran
  • League: Diamond
  • Spawn Location: 1:00

VOD

Have the link to the VOD?

Description

Time

  • Played on: Jan. 19, 2021, 5:42 a.m.
  • Length: 7:35
Show
View Real Time Build Order
Export as new Build Order

A.I. 1 (Very Easy) Terran - Winner!

Build Orders:  

Get SALT Encoding   

  12  0:00  SCV  
  13  0:13  SCV  
  14  0:19  Supply Depot  
  14  0:37  Refinery  
  14  0:42  Barracks  
  14  1:04  Supply Depot  
  14  1:13  Refinery  
  14  1:29  Marine  
  14  1:30  Orbital Command  
  15  1:56  SCV  
  16  2:08  SCV  
  17  2:16  Barracks Tech Lab  
  17  2:20  SCV  
  18  2:32  SCV  
  18  2:34  Marine  
  20  2:44  SCV  
  21  2:56  SCV  
  22  3:21  Marauder  
  24  6:43  SCV  
  24  6:44  Marine  
  24  6:46  Supply Depot  
  26  6:47  Factory  
  26  6:50  Command Center  
  26  6:55  SCV  
  27  7:08  SCV  
  27  7:10  Supply Depot  
  28  7:16  Marine  
  28  7:20  SCV  
  29  7:33  Starport  
Show
View Real Time Build Order
Export as new Build Order

PhotonMan Terran 

Build Orders: Hellion Opening, Reaper Expand 

Get SALT Encoding   

  12  0:00  SCV  
  13  0:13  SCV  
  14  0:18  Supply Depot  
  14  0:25  SCV  
  15  0:39  SCV  
  15  0:41  Barracks  
  16  0:44  Refinery  
  16  0:51  SCV  
  17  1:03  SCV  
  18  1:15  SCV  
  19  1:28  Orbital Command, Reaper  
  20  1:40  Command Center  
  20  1:53  Supply Depot  
  20  1:55  SCV  
  20  2:00  Marine  
  22  2:07  SCV  
  23  2:16  Factory  
  23  2:19  SCV  
  23  2:21  Barracks Reactor  
  24  2:31  SCV  
  25  2:43  SCV  
  26  2:52  Orbital Command  
  26  2:55  SCV  
  26  2:56  Supply Depot  
  27  3:06  Hellion x2  
  27  3:08  SCV  
  32  3:15  Starport  
  32  3:18  SCV  
  33  3:20  SCV  
  33  3:24  Supply Depot  
  34  3:28  Hellion x2  
  34  3:30  SCV  
  34  3:32  SCV  
  40  3:37  Barracks Tech Lab  
  40  3:42  SCV  
  40  3:44  SCV  
  42  3:49  Hellion x2  
  42  3:54  Command Center, Viking  
  48  3:56  SCV  
  48  3:57  SCV  
  50  4:08  SCV  
  50  4:09  SCV  
  52  4:10  Hellion  
  52  4:11  Hellion  
  52  4:13  Stimpack  
  52  4:16  Refinery  
  56  4:20  Refinery, SCV  
  56  4:21  SCV, Refinery  
  58  4:26  Supply Depot  
  58  4:32  SCV  
  58  4:33  SCV  
  58  4:34  Starport Reactor  
  58  4:36  Barracks  
  60  4:44  SCV  
  62  4:45  SCV  
  62  4:50  Barracks  
  62  4:56  Engineering Bay, SCV  
  62  4:57  SCV  
  62  4:59  Engineering Bay  
  64  5:02  Factory Tech Lab  
  64  5:07  Orbital Command  
  64  5:08  SCV  
  64  5:09  SCV, Marine  
  67  5:20  SCV  
  68  5:22  SCV  
  68  5:26  Marine  
  70  5:29  Siege Tank  
  70  5:31  Terran Infantry Weapons Level 1, Terran Infantry Armor Level 1  
  70  5:32  SCV  
  70  5:35  Orbital Command, Marine x2  
  76  5:46  SCV x2  
  76  5:47  Marine x3  
  81  5:52  Combat Shield, Marine x2  
  83  5:58  SCV x2, Medivac  
  83  6:01  Siege Tank  
  90  6:04  SCV  
  90  6:05  Marine x2  
  90  6:08  Supply Depot  
  90  6:09  Marine  
  90  6:10  SCV, Marine  
  96  6:11  Supply Depot  
  96  6:13  SCV, Marine  
  96  6:16  SCV  
  99  6:23  Marine x2  
  101  6:29  SCV x2, Marine x2  
  101  6:31  Marine  
  106  6:33  Siege Tank  
  106  6:36  Medivac  
  111  6:41  Marine x2  
  111  6:46  Marine x2  
  113  6:48  Marine  
  116  6:58  SCV x3, Marine  
  116  6:59  Marine  
  121  7:04  Marine x2  
Tags
 
Add a new tag
Caveats
  • Supply blocks, unpowered buildings, or Contaminate may cause inaccurate times.
  • Supply counts are checked every 10 seconds.